 Dungeon Crawl Stone Soup version 0.28.0-47-ge53b351184 (webtiles) character file.

Game seed: 7417769232964256105

60 Zeld the Insei (level 4, 0/29 HPs)
             Began as an Octopode Transmuter on May 10, 2022.
             Succumbed to a goblin's poison
             ... on level 3 of the Dungeon.
             The game lasted 00:03:03 (2037 turns).

Zeld the Insei (Octopode Transmuter)                Turns: 2037, Time: 00:03:04

Health: 0/29       AC:  2    Str: 11    XL:     4   Next: 6%
Magic:  3/7        EV: 19    Int: 15    God:
Gold:   81         SH:  0    Dex: 17    Spells: 2/8 levels left

rFire   . . .      SeeInvis .     - Unarmed
rCold   . . .      Faith    .   (shield currently unavailable)
rNeg    . . .      Spirit   .   (helmet currently unavailable)
rPois   x          Reflect  .   (no amulet)
rElec   .          Harm     .   (no ring)
rCorr   .          Rampage  .   (no ring)
Will    .....                   (no ring)
Stlth   ++........              (no ring)
HPRegen 0.09/turn               (no ring)
MPRegen 0.10/turn               (no ring)
                                (no ring)
                                (no ring)

@: lethally poisoned (0 -> -16), spider-form (expiring), wereblooded
A: venomous fangs, almost no armour, (amphibious), 8 rings, tiny, (camouflage
1), (gelatinous body 1), (nimble swimmer 1), (tentacles)
a: End Transformation


You were on level 3 of the Dungeon.
You were a venomous arachnid creature.
You visited 1 branch of the dungeon, and saw 3 of its levels.

You collected 81 gold pieces.

Inventory:

Jewellery
 k - a ring of protection from fire
Wands
 j - a wand of flame (26)
Scrolls
 b - a scroll of silence {unknown}
 c - a scroll of fear {unknown}
 d - a scroll of identify {unknown}
 g - a scroll of summoning {unknown}
 h - a scroll of enchant weapon {unknown}
 i - a scroll of amnesia {unknown}
Potions
 a - 2 potions of curing {unknown}
 e - a potion of resistance {unknown}
 f - a potion of degeneration {unknown}


   Skills:
 * Level 2.0 Fighting
 + Level 2.3 Dodging
 + Level 1.2 Stealth
 + Level 3.1 Unarmed Combat
 * Level 2.5 Spellcasting
 * Level 2.6 Transmutations


You had 2 spell levels left.
You knew the following spells:

 Your Spells              Type           Power      Damage    Failure   Level
a - Beastly Appendage     Tmut           18%        N/A       19%         1
b - Wereblood             Tmut           9%         N/A       26%         2
c - Spider Form           Tmut/Pois      5%         N/A       58%         3

Your spell library contained the following spells:

 Spells                   Type           Power      Damage    Failure   Level
 Slow                     Hex            4%         N/A       43%         1
 Confusing Touch          Hex            1%         N/A       75%         3
 Vampiric Draining        Necr           1%         2d6       75%         3
 Ice Form                 Ice/Tmut       5%         N/A       90%         4


Dungeon Overview and Level Annotations

Branches:
Dungeon (3/15)

Altars:
Dithmenos

Annotations:
D:3 Robin, Terence


Innate Abilities, Weirdness & Mutations

You are a venomous arachnid creature.
You have poisonous fangs.
You are tiny and dextrous.
Your spellcasting is less reliable in this form.
Your armour is entirely melded.
You are incapable of wielding weapons or throwing items.
You cannot wear most types of armour.
((You are amphibious.))
You can wear up to eight rings at the same time.
((Your skin changes colour to match your surroundings (Stealth+).))
((Your rubbery body absorbs attacks. (AC +1, EV +1)))
((You are camouflaged when in or above water. (Stealth+)))
((You have tentacles for arms and can constrict up to eight enemies at once.))


Message History

Your transformation is almost over.
The hobgoblin completely misses you. The goblin closely misses you.
The goblin hits you but does no damage. The goblin closely misses you.
The orc barely misses you.
Unknown command.
You hit the orc.
The orc is severely wounded.
Robin points. "Kill!"
The hobgoblin misses you. The goblin hits you but does no damage.
The goblin misses you. The orc closely misses you.
The goblin completely misses you.
Unknown command.
You hit the orc.
You feel a bit better.
You kill the orc!
Robin zaps a wand.
Some rock shatters into small pieces.
The hobgoblin barely misses you. The goblin closely misses you.
The goblin hits you with a +0 club.
You bite the goblin!
You feel a bit better.
You kill the goblin!
The goblin hits you but does no damage.
You are lethally poisoned!
The hobgoblin barely misses you.
Your Fighting skill increases to level 2!
Unknown command.
You barely miss the goblin.
You feel very sick. The goblin hits you with a +0 club.
The goblin closely misses you. Robin throws the goblin at you!
The hobgoblin misses you. The goblin completely misses you.
Unknown command.
You closely miss the goblin.
You feel very sick. The goblin misses you.
The goblin hits you with a +1 dagger of venom.
The goblin hits you with a +0 club.
* * * LOW HITPOINT WARNING * * *
The goblin closely misses you. The hobgoblin closely misses you.
Unknown command.
Okay, then.
You die...

##########
#........#
#........#
##.......?#
.........#
#.ggg...$#
#ggggg...#
#gsggg...#
#####.####


You could see Robin, 3 hobgoblins and 8 goblins.

Vanquished Creatures
  An adder (D:2)
  2 dart slugs (D:1)
  An orc (D:3)
  3 ball pythons (D:2)
  3 endoplasms
  3 giant cockroaches
  4 goblins
  5 hobgoblins
  7 quokkas
  4 bats
  3 frilled lizards
  4 kobolds
40 creatures vanquished.

Notes
Turn   | Place    | Note
-------+----------+-------------------------------------------
     0 | D:1      | Zeld the Octopode Transmuter began the quest for the Orb.
     0 | D:1      | Reached XP level 1. HP: 13/13 MP: 3/3
   102 | D:1      | Found a faded altar of an unknown god.
   153 | D:1      | Reached XP level 2. HP: 15/18 MP: 3/5
   628 | D:1      | Reached XP level 3. HP: 20/23 MP: 6/6
   631 | D:1      | Learned a level 2 spell: Wereblood
   635 | D:1      | Learned a level 3 spell: Spider Form
   960 | D:2      | Reached skill level 1 in Stealth
  1153 | D:2      | Found a shadowy altar of Dithmenos.
  1982 | D:3      | Noticed Terence
  1990 | D:2      | Reached XP level 4. HP: 28/29 MP: 5/7
  2024 | D:3      | Noticed Robin
  2037 | D:3      | Succumbed to a goblin's poison

Illustrated notes

Levels and vault maps discovered:
D:1:      lightli_molten_gateway, layout_basic,
          hellmonk_ecumenical_altar_blasted
D:2:      layout_basic, basic_altar
D:3:      layout_rooms, minmay_randomly_rotated_circles, uniq_robin,
          uniq_terence

Skill      XL: |  1  2  3  4 |
---------------+-------------+-----
Stealth        | 1 |  1.2
Fighting       | 2 |  2.0
Dodging        | |  2.3
Unarmed Combat | |  3.1
Spellcasting   | |  2.5
Transmutations | |  2.6

Action                   |  1- 3 |  4- 6 || total
-------------------------+-------+-------++-------
Melee: Unarmed           |    79 |     6 ||    85
       Constrict         |    22 |       ||    22
       Kick              |    22 |       ||    22
       Tentacles         |     9 |       ||     9
 Cast: Beastly Appendage |    30 |       ||    30
       Spider Form       |       |     1 ||     1
       Wereblood         |       |     1 ||     1
 Stab: Sleeping          |     8 |       ||     8
Armor: Skin              |     6 |     3 ||     9
Dodge: Dodged            |    59 |    23 ||    82
